 Dungeon Crawl Stone Soup version 0.20.1-1-g8b1a95d (webtiles) character file.

33 Lorindel the Magician (level 3, 0/19 HPs)
             Began as a Deep Elf Fire Elementalist on Aug 4, 2017.
             Slain by an adder (4 damage)
             ... on level 2 of the Dungeon.
             The game lasted 00:06:09 (1367 turns).

Lorindel the Magician (Deep Elf Fire Elementalist)  Turns: 1367, Time: 00:06:10

Health: 0/19       AC:  2    Str:  5    XL:     3   Next: 12%
Magic:  0/11       EV: 13    Int: 20    God:
Gold:   57         SH:  0    Dex: 15    Spells: 2/11 levels left

rFire    . . .     SeeInvis .   e - +0 club
rCold    . . .     Gourm    .   (no shield)
rNeg     . . .     Faith    .   k - +0 robe
rPois    .         Spirit   .   (no helmet)
rElec    .         Reflect  .   (no cloak)
rCorr    .         Harm     .   (no gloves)
MR       .....                  (no boots)
Stlth    ++........             (no amulet)
Regen    0.1/turn               (no ring)
MPRegen  0.2/turn               (no ring)

@: lethally poisoned (0 -> -2), very slightly contaminated
A: no striking features
a: no special abilities


You were on level 2 of the Dungeon.
You were not hungry.

You visited 1 branch of the dungeon, and saw 2 of its levels.

You collected 57 gold pieces.

Inventory:

Hand Weapons
 e - a +0 club (weapon)
Missiles
 l - 62 stones (quivered)
 q - 13 arrows
Armour
 d - a +0 robe
 h - a +3 leather armour
 k - a +0 robe (worn)
Scrolls
 f - 2 scrolls of teleportation {unknown}
 n - a scroll of enchant armour {unknown}
 o - a scroll of identify {unknown}
Potions
 a - 2 potions of flight {unknown}
 g - 2 potions of agility {unknown}
 i - a potion of curing {unknown}
Books
 b - a book of Flames

   Spells                             Type                      Level
   a - Flame Tongue                   Conjuration/Fire             1
   b - Throw Flame                    Conjuration/Fire             2
   c - Conjure Flame                  Conjuration/Fire             3
   d - Inner Flame                    Hexes/Fire                   3
   e - Sticky Flame                   Conjuration/Fire             4
   f - Fireball                       Conjuration/Fire             5
Comestibles
 c - 2 bread rations
 j - 2 meat rations
 m - 4 chunks of flesh
 p - a royal jelly


   Skills:
 + Level 0.0 Fighting
 + Level 2.5 Dodging
 + Level 2.4 Stealth
 * Level 4.9 Spellcasting
 + Level 1.1 Conjurations
 + Level 0.0 Hexes
 + Level 3.2 Fire Magic


You had 2 spell levels left.
You knew the following spells:

 Your Spells              Type           Power        Failure   Level  Hunger
a - Flame Tongue          Conj/Fire      ##...        4%          1    None
b - Throw Flame           Conj/Fire      ##....       7%          2    #......
c - Conjure Flame         Conj/Fire      ##......     14%         3    ##.....
d - Inner Flame           Hex/Fire       ##......     19%         3    ##.....


Dungeon Overview and Level Annotations

Branches:
Dungeon (2/15)

Altars:


Message History

The adder bites you.
Some of the chunks of flesh in your inventory have rotted away.
You miss the adder.
You feel sick. The adder closely misses you. The adder barely misses you.
Casting: Conjure Flame
Confirm with . or Enter, or press ? or * to list all spells.
Aiming: Flame Tongue
Press: ? - help, Shift-Dir - straight line, f - adder
Aim: an adder The flame tongue hits the adder.
The adder is lightly wounded.
The adder misses you.
Casting: Flame Tongue
Confirm with . or Enter, or press ? or * to list all spells.
Aiming: Flame Tongue
Press: ? - help, Shift-Dir - straight line, f/p - adder
Aim: an adder (lightly wounded)
The flame tongue misses the adder.
The adder misses you.
You feel sick. The adder bites you.
You die...

#.........#.......#
####......#†......#
#......#.......#
#......'.......#
#......#.#######
#......#.#
########.# #.# #@#
#S# #.# #.# #.# #.#
#.# #.# #.#


You could see an adder.

Vanquished Creatures
  A worm (D:2)
  2 dart slugs (D:1)
  A leopard gecko (D:1)
  3 giant cockroaches
  4 goblins (D:1)
  2 hobgoblins (D:1)
  3 jackals (D:1)
  2 bats (D:1)
  A frilled lizard (D:1)
  2 kobolds
  A rat (D:1)
22 creatures vanquished.

Notes
Turn   | Place    | Note
-------+----------+-------------------------------------------
     0 | D:1      | Lorindel the Deep Elf Fire Elementalist began the quest for the Orb.
     0 | D:1      | Reached XP level 1. HP: 10/10 MP: 6/6
   428 | D:1      | Reached skill level 4 in Spellcasting
   428 | D:1      | Reached XP level 2. HP: 15/15 MP: 7/9
  1255 | D:2      | Reached XP level 3. HP: 19/19 MP: 8/11
  1272 | D:2      | Learned a level 2 spell: Throw Flame
  1276 | D:2      | Learned a level 3 spell: Conjure Flame
  1280 | D:2      | Learned a level 3 spell: Inner Flame
  1367 | D:2      | Slain by an adder

Skill      XL: |  1 |
---------------+----+-----
Spellcasting   | 4 |  4.9
Dodging        | |  2.5
Stealth        | |  2.4
Conjurations   | |  1.1
Fire Magic     | |  3.2

Action                   || total
-------------------------++-------
Melee: Club              ||    18
 Cast: Flame Tongue      ||    43
       Throw Flame       ||     2
       Inner Flame       ||     1
  Eat: Chunk             ||     1
Armor: Robe              ||     5
Dodge: Dodged            ||    35
